 Dungeon Crawl Stone Soup version 0.24.0-125-gc4c63601f3 (webtiles) character file.

Game seed: 17785964676156861421, levelgen mode: deterministic

83855 Brecoman the Stormcaller (level 15, -23/96 HPs)
             Began as a Tengu Air Elementalist on Mar 22, 2020.
             Was a High Priest of Vehumet.
             Killed from afar by a thorn hunter (31 damage)
             ... with a volley of thorns
             ... on level 3 of the Swamp.
             The game lasted 03:32:15 (39145 turns).

Brecoman the Stormcaller (Tengu Air Elementalist)  Turns: 39145, Time: 03:32:15

Health: -23/96     AC: 14    Str: 10    XL:     15   Next: 78%
Magic:  2/31       EV: 36    Int: 17    God:    Vehumet [*****.]
Gold:   312        SH:  5    Dex: 15    Spells: 3/36 levels left

rFire    + . .     SeeInvis .   a - +3 long sword (elec)
rCold    + . .     Gourm    .   Y - +0 buckler
rNeg     . . .     Faith    .   L - +4 swamp dragon scales
rPois    +         Spirit   .   (helmet restricted)
rElec    .         Reflect  .   b - +0 cloak
rCorr    .         Harm     .   Z - +1 pair of gloves
MR       ++++.                  (boots unavailable)
Stlth    +.........             W - amulet of the acrobat
HPRegen  0.26/turn              M - ring of Osaweh {rF+ rC+ MR+++ Int-3}
MPRegen  0.22/turn              s - ring of poison resistance

@: acrobat, flying quickly and evasively, quick
A: beak, talons 3, able to fly
a: Stop Flying, Renounce Religion


You were on level 3 of the Swamp.
You worshipped Vehumet.
Vehumet was extremely pleased with you.
You were not hungry.

You visited 5 branches of the dungeon, and saw 23 of its levels.
You also visited: Sewer.

You collected 2349 gold pieces.
You spent 2037 gold pieces at shops.

Inventory:

Hand Weapons
 a - a +3 long sword of electrocution (weapon)
Missiles
 h - 753 stones (quivered)
 k - 203 sling bullets
 H - a throwing net
Armour
 b - a +0 cloak (worn)
 o - a +2 robe of the Archmagi
 L - +4 swamp dragon scales (worn)
 Y - a +0 buckler (worn)
 Z - a +1 pair of gloves (worn)
Jewellery
 s - a ring of poison resistance (right hand)
 v - an uncursed ring of positive energy
 C - a +6 ring of evasion
 K - an uncursed ring of see invisible
 M - the ring of Osaweh (left hand) {rF+ rC+ MR+++ Int-3}
   (You bought it in a shop on level 2 of the Orcish Mines)

   [ring of protection from cold]

   It affects your intelligence (-3).
   It protects you from fire.
   It protects you from cold.
   It affects your resistance to hostile enchantments.
 U - an uncursed ring of protection from cold
 W - an amulet of the acrobat (around neck)
Wands
 q - a wand of digging (17)
 u - a wand of disintegration (18)
 w - a wand of iceblast (15)
 E - a wand of clouds (5)
 F - a wand of polymorph (36)
 I - a wand of paralysis (18)
 R - a wand of random effects (22)
 T - a wand of acid (4)
 V - a wand of flame (18)
 X - a wand of enslavement (8)
Scrolls
 e - 4 scrolls of fog
 g - 3 scrolls of blinking
 m - 13 scrolls of teleportation
 r - 3 scrolls of magic mapping
 y - 7 scrolls of remove curse
 B - a scroll of immolation
 N - a scroll of holy word {unknown}
 P - a scroll of identify
 Q - a scroll of vulnerability
Potions
 d - a potion of invisibility
 f - 8 potions of curing
 i - 4 potions of ambrosia
 j - 2 potions of berserk rage
 n - a potion of mutation
 p - 3 potions of haste
 t - a potion of magic
 x - 2 potions of lignification
 z - 5 potions of agility
 A - 3 potions of brilliance
 D - 3 potions of might
 J - a potion of resistance
 S - a potion of cancellation
Comestibles
 c - 16 rations


   Skills:
 + Level 12.0 Fighting
 + Level 13.1 Dodging
 - Level 2.0 Stealth
 - Level 4.0 Shields
 + Level 11.2 Spellcasting
 + Level 15.1 Conjurations
 + Level 2.4 Charms
 + Level 4.1 Ice Magic
 + Level 15.5 Air Magic


You had 3 spell levels left.
You knew the following spells:

 Your Spells              Type           Power        Failure   Level  Hunger
a - Shock                 Conj/Air       ####         1%          1    None
b - Swiftness             Chrm/Air       #####...     1%          2    None
c - Static Discharge      Conj/Air       ######..     1%          3    None
d - Airstrike             Air            ######....   1%          4    ##.....
e - Dazzling Spray        Conj/Hex       #####.       1%          3    None
f - Iskenderun's Mystic   Conj           ######..     1%          4    ##.....
g - Lightning Bolt        Conj/Air       ######....   1%          5    #####..
h - Sticky Flame          Conj/Fire      #####...     2%          4    ##.....
i - Animate Skeleton      Necr           N/A          21%         1    None
j - Freezing Cloud        Conj/Ice/Air   #####.....   7%          6    ######.

Your spell library contained the following spells:

 Spells                   Type           Power        Failure   Level  Hunger
 Iron Shot                Conj/Erth      #####.....   32%         6    ######.
 Magic Dart               Conj           ####         1%          1    None
 Searing Ray              Conj           ######       1%          2    None
 Apportation              Tloc           #.....       21%         1    None
 Confusing Touch          Hex            #.....       21%         1    None
 Summon Small Mammal      Summ           #...         21%         1    None
 Conjure Ball Lightning   Conj/Air       ######....   1%          6    ######.
 Force Lance              Conj/Tloc      #####...     2%          4    ##.....
 Fulminant Prism          Conj/Hex       #####.....   2%          4    ##.....
 Summon Lightning Spire   Summ/Air       #####...     8%          4    ##.....
 Silence                  Hex/Air        #####.....   22%         5    #####..
 Deflect Missiles         Chrm/Air       #####.....   58%         6    ######.
 Tornado                  Air            ######....   99%         9    #######


Dungeon Overview and Level Annotations

Branches:
Dungeon (11/15)            Temple (1/1) D:7            Lair (6/6) D:11
  Swamp (3/4) Lair:3       Spider (0/4) Lair:3        Slime (0/5) Lair:6
    Orc (2/2) D:11            Elf (0/3) Orc:2         Sewer (visited)

Altars:
Ashenzari
Cheibriados
Dithmenos
Elyvilon
Fedhas
Gozag
Hepliaklqana
Kikubaaqudgha
Makhleb
Nemelex Xobeh
Okawaru
Qazlal
Ru
Sif Muna
Trog
Uskayaw
Vehumet
Wu Jian
Xom
Yredelemnul
Zin
The Shining One

Shops:
D:4 =   D:9 (   D:10 *   Orc:1 [   Orc:2 :*[(

Annotations:
D:6 2 transporters, hitsuchi's ghost, novice OgHu
Swamp:1 3 runed translucent doors, Thargor's ghost, journeyman GrMo


Innate Abilities, Weirdness & Mutations

You have a beak for a mouth.
You have claws for feet.
You can fly continuously.


Message History

* * * LOW HITPOINT WARNING * * *
The thorn hunter hits you!
* * * LOW HITPOINT WARNING * * *
You block the thorn hunter's attack.
You feel much better.
The thorn hunter burns!
The thorn hunter stops burning.
The thorn hunter fires a volley of thorns at you.
The volley of thorns hits you!!
* * * LOW HITPOINT WARNING * * *
The thorn hunter fires a volley of thorns at you.
The volley of thorns misses you.
Found 9 gold pieces.
Okay, then.
The thorn hunter gestures.
Thorny briars emerge from the ground!
The thorn hunter fires a volley of thorns at you.
The volley of thorns hits you!
* * * LOW HITPOINT WARNING * * *
The thorn hunter fires a volley of thorns at you.
The volley of thorns hits you!!
You die...

♣.≈♣≈.≈≈..≈.≈≈≈
...♣≈.≈≈≈≈..≈≈≈≈
≈PPPPPPPP≈≈.≈≈≈≈≈.♣
≈PPPPPPPP..≈≈≈≈≈≈≈♣
≈P≈≈≈≈≈≈≈≈≈≈..≈≈≈.♣♣♣
..≈≈≈..≈≈≈≈≈.≈≈≈≈.≈≈♣
≈§.≈≈≈..≈≈≈≈≈......≈.
♣≈≈≈≈.≈@≈≈≈≈≈≈≈≈≈...
♣≈≈≈≈.≈.≈≈≈≈....≈≈.≈
♣♣....≈♣...≈$....♣
....♣♣♣≈..≈○...≈≈.♣
..≈ ♣♣.f≈.†#..#≈♣♣♣ ≈
♣♣≈..#.......♣
♣♣.≈..#...#..≈♣
♣≈.....$..#....
♣♣.)♣.....^.≈≈≈


You could see a thorn hunter.

Vanquished Creatures
  Rupert (Lair:5)
  3 thorn hunters
  2 orc warlords
  6 dire elephants
  Harold (D:10)
  9 hydras
  3 shambling mangroves (Swamp:2)
  A catoblepas (D:9)
  An anaconda (Lair:6)
  An alligator (Swamp:1)
  2 two-headed ogres
  5 death yaks
  4 orc high priests
  2 swamp dragons
  4 orc knights
  3 orc sorcerers (Orc:2)
  2 ugly things
  Maurice (Orc:2)
  15 elephants
  2 black mambas
  9 spiny frogs
  A gargoyle (D:10)
  2 rime drakes
  5 komodo dragons
  2 ice devils (Lair:6)
  A polar bear (Lair:4)
  5 tyrant leeches
  4 trolls
  15 hornets
  6 bog bodies
  19 blink frogs
  A meliai zombie (D:11)
  9 hippogriffs
  5 slime creatures (Swamp:2)
  7 spriggans
  2 shadows
  2 wyverns
  22 yaks
  2 basilisks
  3 hungry ghosts
  15 vampire mosquitoes
  6 swamp worms
  6 insubstantial wisps
  A two-headed ogre zombie (D:11)
  An acid dragon (D:11)
  2 soldier ants (D:10)
  14 water moccasins
  3 swamp drakes
  8 porcupines
  41 orc warriors
  A phantom (D:7)
  5 ogres
  2 ice beasts
  A sky beast (D:11)
  2 black bears
  6 wolves
  10 centaurs
  6 crocodiles
  2 big kobolds
  18 bullfrogs
  A wyvern zombie (D:10)
  9 scorpions
  4 killer bees (D:11)
  2 troll zombies (D:11)
  7 wights
  2 electric eels
  5 crimson imps
  A centaur zombie (D:5)
  3 quasits
  A bullfrog zombie (D:7)
  3 jellies
  31 orc priests
  3 hounds
  A gnoll shaman (Orc:1)
  A bullfrog skeleton (D:7)
  39 orc wizards
  3 iguanas
  3 hell rats
  7 worker ants
  5 ogre zombies (D:11)
  A howler monkey zombie (D:9)
  8 gnolls
  15 adders
  4 river rats (Sewer)
  4 shadow imps
  4 oozes
  An adder skeleton (D:9)
  An adder zombie (D:5)
  8 worms
  8 leopard geckos
  99 orcs
  9 giant cockroaches
  6 goblins
  11 hobgoblins
  9 jackals
  2 quokkas
  18 ball pythons
  8 bats
  8 frilled lizards
  4 goblin skeletons (D:11)
  A goblin zombie (D:11)
  3 hobgoblin skeletons (D:11)
  A jackal skeleton (D:4)
  15 kobolds
  4 orc skeletons (D:11)
  13 orc zombies (D:11)
  A quokka skeleton (D:4)
  2 quokka zombies
  29 rats
  2 plants
770 creatures vanquished.

Vanquished Creatures (collateral kills)
  A lindwurm (Lair:5)
  An orc sorcerer (Orc:1)
  A blink frog (Lair:6)
  2 yaks (Lair:6)
  A basilisk (Lair:6)
  2 orc warriors (Orc:1)
  2 ogres (Orc:1)
  3 crocodiles
  A jelly (Lair:6)
  A hell rat (Lair:5)
  3 orcs
  A fungus (Lair:5)
19 creatures vanquished.

Vanquished Creatures (others)
  A yak (Lair:6)
  23 fungi
  13 plants
37 creatures vanquished.

Grand Total: 826 creatures vanquished

Notes
Turn   | Place    | Note
-------+----------+-------------------------------------------
     0 | D:1      | Brecoman the Tengu Air Elementalist began the quest for the
                  | Orb.
     0 | D:1      | Reached XP level 1. HP: 10/10 MP: 4/4
   486 | D:1      | Reached XP level 2. HP: 16/16 MP: 4/6
   863 | D:1      | You fall into a shaft and drop 1 floor!
  1228 | D:2      | Learned a level 2 spell: Swiftness
  1379 | D:1      | Reached XP level 3. HP: 20/20 MP: 5/7
  1601 | D:1      | Reached skill level 1 in Fighting
  2444 | D:2      | Reached XP level 4. HP: 25/25 MP: 4/8
  4091 | D:4      | Gained mutation: You can fly continuously. [Tengu growth]
  4091 | D:4      | Reached XP level 5. HP: 20/30 MP: 4/10
  4255 | D:4      | Reached skill level 5 in Air Magic
  4397 | D:4      | Found Yghen's Jewellery Emporium.
  4694 | D:4      | Reached XP level 6. HP: 20/35 MP: 2/11
  5313 | D:4      | Learned a level 3 spell: Static Discharge
  5318 | D:4      | Learned a level 4 spell: Airstrike
  5535 | D:4      | Reached XP level 7. HP: 40/40 MP: 11/13
  5752 | D:4      | Found an opulent altar of Gozag.
  5812 | D:5      | Entered Level 5 of the Dungeon
  6062 | D:5      | Found an iron altar of Okawaru.
  6300 | D:5      | Found a shimmering altar of Xom.
  6558 | D:5      | Reached skill level 5 in Conjurations
  6711 | D:6      | Reached XP level 8. HP: 47/47 MP: 8/15
  7130 | D:6      | Found a glowing drain.
  7139 | Sewer    | Entered a sewer
  7816 | Sewer    | Reached skill level 5 in Dodging
  8656 | D:6      | Found a transporter.
  8935 | D:6      | Found a transporter.
  8939 | D:6      | Noticed a troll
  8939 | D:6      | Noticed hitsuchi's ghost (novice OgHu)
  8985 | D:6      | Reached XP level 9. HP: 52/52 MP: 3/17
  9517 | D:7      | Reached skill level 5 in Spellcasting
  9667 | D:7      | Found a staircase to the Ecumenical Temple.
  9676 | Temple   | Entered the Ecumenical Temple
  9836 | Temple   | Became a worshipper of Vehumet
  9952 | D:7      | Learned a level 3 spell: Dazzling Spray
  9957 | D:7      | Learned a level 4 spell: Iskenderun's Mystic Blast
  9964 | D:7      | Reached skill level 5 in Fighting
 10539 | D:7      | Found an ancient bone altar of Kikubaaqudgha.
 10923 | D:8      | Noticed a gargoyle
 11104 | D:8      | Reached * piety under Vehumet
 11104 | D:8      | Offered knowledge of Freeze by Vehumet.
 11429 | D:8      | Noticed a two-headed ogre
 11728 | D:8      | Killed a two-headed ogre
 11728 | D:8      | Reached XP level 10. HP: 29/60 MP: 4/20
 12097 | D:8      | Found a hazy altar of Hepliaklqana.
 12179 | D:9      | Noticed a catoblepas
 12445 | D:9      | Found Ysishad's Weapon Shoppe.
 12452 | D:9      | Bought a +2 long sword of electrocution for 310 gold pieces
 13031 | D:9      | Killed a catoblepas
 13308 | D:9      | Reached ** piety under Vehumet
 13308 | D:9      | Offered knowledge of Sandblast by Vehumet.
 13383 | D:10     | Entered Level 10 of the Dungeon
 13400 | D:10     | Found Potozup's Serpentskin Sales.
 13491 | D:10     | Killed a gargoyle
 13717 | D:10     | Learned a level 5 spell: Lightning Bolt
 13733 | D:10     | Reached skill level 10 in Air Magic
 14063 | D:10     | Noticed Harold
 14642 | D:10     | Killed Harold
 14642 | D:10     | Reached XP level 11. HP: 67/67 MP: 12/22
 14981 | D:10     | Reached skill level 10 in Conjurations
 15152 | D:11     | Noticed a brown ugly thing
 15194 | D:10     | Killed a brown ugly thing
 15351 | D:11     | Offered knowledge of Mephitic Cloud by Vehumet.
 15760 | D:11     | Noticed a red ugly thing
 16471 | D:9      | Killed a red ugly thing
 16580 | D:11     | Reached *** piety under Vehumet
 16600 | D:11     | Offered knowledge of Sticky Flame by Vehumet.
 16806 | D:11     | Found a staircase to the Orcish Mines.
 17446 | D:11     | Found a staircase to the Lair.
 17483 | D:11     | Noticed a seven-headed hydra
 17966 | D:10     | Killed a seven-headed hydra
 18286 | Lair:1   | Entered Level 1 of the Lair of Beasts
 18700 | Lair:1   | Reached **** piety under Vehumet
 18790 | Lair:1   | Reached XP level 12. HP: 75/75 MP: 18/25
 20223 | Lair:2   | Learned a level 4 spell: Sticky Flame
 20231 | Lair:2   | Offered knowledge of Yara's Violent Unravelling by Vehumet.
 20555 | Lair:2   | Reached skill level 10 in Dodging
 21081 | Lair:3   | Found a staircase to the Swamp.
 21601 | Lair:3   | Noticed a death yak
 21602 | Lair:3   | Noticed a death yak
 21602 | Lair:3   | Noticed a death yak
 21960 | Lair:3   | Noticed a death yak
 21973 | Lair:3   | Found a hole to the Spider Nest.
 22026 | Lair:3   | Killed a death yak
 22064 | Lair:2   | Killed a death yak
 22257 | Lair:3   | Noticed a death yak
 22265 | Lair:2   | Killed a death yak
 22290 | Lair:2   | Killed a death yak
 22290 | Lair:2   | Reached XP level 13. HP: 81/81 MP: 11/27
 22532 | Lair:3   | Reached ***** piety under Vehumet
 23129 | Lair:4   | Offered knowledge of Irradiate by Vehumet.
 23146 | Lair:4   | Learned a level 1 spell: Animate Skeleton
 23227 | Lair:4   | Reached skill level 10 in Fighting
 23949 | Lair:5   | Noticed Rupert
 24018 | Lair:5   | You are sucked into a shaft and drop 1 floor!
 24018 | Lair:6   | Entered Level 6 of the Lair of Beasts
 25081 | Lair:5   | Killed Rupert
 26194 | Lair:6   | Reached skill level 10 in Spellcasting
 26273 | Lair:6   | Found a staircase to the Slime Pits.
 26699 | Lair:6   | Noticed a dire elephant
 26889 | Lair:6   | Noticed a dire elephant
 26924 | Lair:5   | Killed a dire elephant
 26924 | Lair:5   | Reached XP level 14. HP: 33/88 MP: 12/29
 27199 | Lair:5   | Killed a dire elephant
 27357 | Lair:6   | Noticed a dire elephant
 27393 | Lair:6   | Killed a dire elephant
 27658 | Lair:6   | Noticed a dire elephant
 27658 | Lair:6   | Noticed a dire elephant
 27669 | Lair:6   | Killed a dire elephant
 27675 | Lair:6   | Killed a dire elephant
 27695 | Lair:6   | Got a jewelled broad axe
 27696 | Lair:6   | Identified the +6 broad axe of Fomewamo {chop, -Tele rPois
                  | Dex+3} (You found it on level 6 of the Lair of Beasts)
 28132 | Lair:6   | Noticed a dire elephant
 28277 | Lair:6   | Killed a dire elephant
 29115 | Orc:1    | Entered Level 1 of the Orcish Mines
 29115 | Orc:1    | Noticed an orc warlord
 29122 | D:11     | Offered knowledge of Freezing Cloud by Vehumet.
 29130 | D:11     | Learned a level 6 spell: Freezing Cloud
 29625 | D:11     | Killed an orc warlord
 29953 | Orc:1    | Reached skill level 1 in Ice Magic
 30280 | Orc:1    | Found Ojanoaw's Antique Armour Shop.
 30289 | Orc:1    | Bought a faintly glowing buckler for 180 gold pieces
 30294 | Orc:1    | Identified the cursed -5 buckler of Limited Liability
                  | {Int+2 SInv} (You bought it in a shop on level 1 of the
                  | Orcish Mines)
 30675 | Orc:2    | Entered Level 2 of the Orcish Mines
 30922 | Orc:2    | Found a staircase to the Elven Halls.
 31928 | Orc:2    | Noticed an orc warlord
 32166 | Orc:2    | Noticed Maurice
 32184 | Orc:1    | Killed an orc warlord
 32478 | Orc:2    | Killed Maurice
 32959 | Orc:2    | Reached skill level 15 in Air Magic
 32996 | Orc:2    | Offered knowledge of Bolt of Cold by Vehumet.
 33214 | Orc:2    | Reached XP level 15. HP: 61/95 MP: 2/30
 33765 | Orc:2    | Found Celiel's Antique Armour Shoppe.
 33766 | Orc:2    | Found Nanos's Antique Weapon Shoppe.
 33768 | Orc:2    | Found Gavil's General Store.
 33768 | Orc:2    | Found Weah's Book Emporium.
 34128 | Orc:2    | Found a bloodstained altar of Trog.
 34135 | Orc:2    | Found a shimmering altar of Xom.
 34404 | Orc:2    | Bought the ring of Osaweh {rF+ rC+ MR+++ Int-3} for 702
                  | gold pieces
 34405 | Orc:2    | Bought a book of the Sky for 845 gold pieces
 34553 | Swamp:1  | Entered Level 1 of the Swamp
 35167 | Swamp:1  | Reached skill level 1 in Charms
 35254 | Swamp:1  | Found a shadowy altar of Dithmenos.
 35453 | Swamp:1  | Noticed a thorn hunter
 35464 | Swamp:1  | Killed a thorn hunter
 35528 | Swamp:1  | Offered knowledge of Iron Shot by Vehumet.
 35711 | Swamp:1  | Noticed a thorn hunter
 35727 | Swamp:1  | Killed a thorn hunter
 35957 | Swamp:1  | Found a runed translucent gate.
 35957 | Swamp:1  | Found a runed translucent gate.
 35957 | Swamp:1  | Found a runed translucent gate.
 35957 | Swamp:1  | Noticed Thargor's ghost (journeyman GrMo)
 37233 | Swamp:2  | Noticed a thorn hunter
 37473 | Swamp:2  | Killed a thorn hunter
 37871 | Swamp:2  | Reached skill level 15 in Conjurations
 38553 | Swamp:3  | Noticed a thorn hunter
 39145 | Swamp:3  | Killed from afar by a thorn hunter

Levels and vault maps discovered:
D:1:      ncdulo_lavacross, layout_loops_corners, minmay_quantized
D:2:      layout_basic
D:3:      layout_basic
D:4:      layout_loops_cross, marbit_many_paths, first_ration, serial_shops,
          kennysheep_mini_moat, st_stairs_3
D:5:      layout_rooms, okawaru_trees_2, chequers_serial_rivers_micro_e,
          led_xom_imps
D:6:      layout_basic, gammafunk_ghost_arena, cheibrodos_sewer_entry_drain
D:7:      layout_rooms, lemuel_doored_altar, temple_pool_b
D:8:      layout_basic, lemuel_coloured_pillars_altar
D:9:      layout_roguey, serial_shops, shop
D:10:     layout_big_octagon, hangedman_pestilent_swarm, guppyfry_shop_venom,
          uniq_harold
D:11:     layout_long_grid, grunt_lair_entry_orc_guard_hut, zombieorc2_lemuel
Temple:   dpeg_five_rooms_temple
Lair:1:   layout_cave_pods, pond, grunt_megastairs_2
Lair:2:   layout_cave_pods, infiniplex_staircase_pool
Lair:3:   layout_hall_layers, skrybe_swamp_entry_bodies,
          nicolae_spider_entry_non_spiders, grunt_megastairs_3
Lair:4:   layout_gridlike, lemuel_fruit_fields
Lair:5:   layout_regular_city, uniq_rupert
Lair:6:   due_jungle_book, layout_regular_city, nicolae_slime_entry_slimehenge,
          portal_ice_cave_demonic_guard, lemuel_fruit_tree, grunt_megastairs_5
Swamp:1:  layout_falls_marsh, gammafunk_ghost_necromancy, basic_altar
Swamp:2:  layout_basic_swamp, infiniplex_staircase_pool_2
Swamp:3:  layout_basic_swamp, evilmike_swamp_ruin_house_6, swamp_pool2
Orc:1:    layout_caves, serial_shops, shop
Orc:2:    st_orc_congregation, layout_diamond_mine, basic_altar,
          nicolae_volcano_entry_s_turn, bloody_trog, uniq_maurice

Skill      XL: |  1  2  3  4  5  6  7  8  9 10 11 12 13 14 15 |
---------------+----------------------------------------------+-----
Conjurations   | 2 3 4 5 6 8 9 11 12 13 14 15 | 15.1
Fighting       | 1 2 3 4 6 7 8 9 10 11 12 | 12.0
Dodging        | 3 4 5 7 8 9 10 11 12 13 | 13.1
Air Magic      | 5 6 7 9 10 11 12 14 15 | 15.5
Spellcasting   | 3 4 6 7 8 9 10 11 | 11.2
Ice Magic      | 2 4 |  4.1
Charms         | 2 |  2.4
Shields        | 4 |  4.0
Stealth        | |  2.0

Action                   |  1- 3 |  4- 6 |  7- 9 | 10-12 | 13-15 || total
-------------------------+-------+-------+-------+-------+-------++-------
Melee: Unarmed           |    25 |       |       |     1 |       ||    26
       Peck              |     3 |       |     3 |    40 |    64 ||   110
       Kick              |     3 |       |     5 |    42 |   108 ||   158
       Dagger            |       |       |    31 |       |       ||    31
       Long sword        |       |       |       |    79 |   238 ||   317
 Fire: Hunting sling     |    29 |    99 |   210 |    14 |       ||   352
Throw: Stone             |    33 |       |       |       |       ||    33
 Cast: Shock             |    42 |    77 |   148 |   171 |   116 ||   554
       Airstrike         |       |       |    65 |   177 |   334 ||   576
       Static Discharge  |       |       |     2 |     9 |    17 ||    28
       Iskenderun's Myst |       |       |       |     5 |     3 ||     8
       Lightning Bolt    |       |       |       |    30 |    72 ||   102
       Swiftness         |       |       |       |     6 |     2 ||     8
       Animate Skeleton  |       |       |       |       |    85 ||    85
       Dazzling Spray    |       |       |       |       |     6 ||     6
       Sticky Flame      |       |       |       |       |    19 ||    19
       Freezing Cloud    |       |       |       |       |    58 ||    58
 Abil: Fly               |       |     1 |       |       |       ||     1
Evoke: Wand              |       |       |       |       |     4 ||     4
  Use: Scroll            |       |       |    18 |    11 |    17 ||    46
       Potion            |       |       |       |     5 |     5 ||    10
 Stab: Sleeping          |       |       |       |     2 |     1 ||     3
  Eat: Chunk             |     5 |     7 |    18 |    38 |    52 ||   120
       Ration            |       |     1 |     3 |     6 |    17 ||    27
Armor: Robe              |    14 |     5 |    16 |    14 |    34 ||    83
       Swamp dragon scal |       |       |       |       |    11 ||    11
Dodge: Dodged            |    44 |    32 |   158 |   332 |   656 ||  1222
Block: Buckler           |       |       |       |       |    16 ||    16
       Rpst.: Long sword |       |       |       |   104 |   142 ||   246
